 Dungeon Crawl Stone Soup version 0.21.1-1-g345015f (webtiles) character file.

161 nicolaieve the Conjurer (level 5, -3/38 HPs)
             Began as a Draconian Conjurer on June 4, 2018.
             Killed from afar by an orc wizard (6 damage)
             ... with a puff of flame
             ... on level 4 of the Dungeon.
             The game lasted 00:25:26 (2912 turns).

nicolaieve the Conjurer (Draconian Conjurer)        Turns: 2912, Time: 00:25:27

Health: -3/38      AC:  5    Str: 10    XL:     5   Next: 19%
Magic:  10/10      EV: 12    Int: 16    God:
Gold:   196        SH:  0    Dex: 12    Spells: 4/10 levels left

rFire    . . .     SeeInvis .   i - -3 spear (curse)
rCold    . . .     Gourm    .   (no shield)
rNeg     . . .     Faith    .   (armour unavailable)
rPois    .         Spirit   .   (helmet restricted)
rElec    .         Reflect  .   (no cloak)
rCorr    +         Harm     .   (no gloves)
MR       .....                  (no boots)
Stlth    ++........             (no amulet)
HPRegen  0.12/turn              m - ring of resist corrosion
MPRegen  0.12/turn              (no ring)

@: no status effects
A: unfitting armour, cold-blooded, AC +5
a: no special abilities


You were on level 4 of the Dungeon.
You were very hungry.

You visited 1 branch of the dungeon, and saw 4 of its levels.

You collected 196 gold pieces.

Inventory:

Hand Weapons
 c - a +0 club
 i - a cursed -3 spear (weapon)
Missiles
 e - 87 stones (quivered)
Jewellery
 m - a ring of resist corrosion (left hand)
Scrolls
 n - a scroll of fog
Potions
 f - 2 potions of degeneration
 g - a potion of heal wounds
 h - 2 potions of mutation {unknown}
 j - 2 potions of curing {unknown}
 k - 2 potions of agility {unknown}
 l - a potion of magic {unknown}
 o - 2 potions of berserk rage {unknown}
 p - a potion of ambrosia {unknown}
 q - a potion of resistance {unknown}
Books
 a - a book of Conjurations

   Spells                             Type                      Level
   a - Magic Dart                     Conjuration                  1
   b - Searing Ray                    Conjuration                  2
   c - Dazzling Spray                 Conjuration/Hexes            3
   d - Fulminant Prism                Conjuration/Hexes            4
   e - Force Lance                    Conjuration/Translocation    4
   f - Iskenderun's Mystic Blast      Conjuration                  4
 d - a book of Cantrips

   Spells                             Type                      Level
   a - Confusing Touch                Hexes                        1
   b - Animate Skeleton               Necromancy                   1
   c - Summon Small Mammal            Summoning                    1
   d - Apportation                    Translocation                1
Comestibles
 b - 7 rations


   Skills:
 - Level 1.7 Dodging
 * Level 2.8 Stealth
 + Level 3.4 Spellcasting
 + Level 5.1 Conjurations


You had 4 spell levels left.
You knew the following spells:

 Your Spells              Type           Power        Failure   Level  Hunger
a - Magic Dart            Conj           ###.         2%          1    None
b - Searing Ray           Conj           ###...       3%          2    ##.....
c - Dazzling Spray        Conj/Hex       ##....       19%         3    ###....


Dungeon Overview and Level Annotations

Branches:
Dungeon (4/15)
 Temple: D:4-7

Altars:
Fedhas
Qazlal
Yredelemnul

Annotations:
D:2 exclusion: oklob plant


Innate Abilities, Weirdness & Mutations

Your plain brown scales are hard. (AC +5)
You cannot fit into any form of body armour.
You are cold-blooded and may be slowed by cold attacks.


Message History

The orc hits you with a flail. Something hits you but does no damage.
You hit the orc wizard but do no damage.
The orc wizard is moderately wounded.
The orc wizard hits you with a dagger. Something barely misses you.
The orc closely misses you. The orc wizard hits you with a dagger.
The orc wizard hits you but does no damage.
Something hits you but does no damage.
The orc wizard looks encouraged for a moment.
Something hits you.
You hear some strange, mumbled words.
A puff of flame appears from out of thin air!
The puff of flame hits you!
* * * LOW HITPOINT WARNING * * *
The orc wizard is no longer moving quickly.
The orc wizard gestures at you while chanting.
The puff of flame hits you!
* * * LOW HITPOINT WARNING * * *
The orc wizard gestures at you while chanting.
The puff of flame hits you!
You die...

#.....# #.....#
#.....# ######.....#
#..........#
#..........#
#...o......#
#####...o......#
#..<@#####.....#
#....#...'.....+
#....#...#.....######
#....#...#...........
#....#...#...........
#....#...######.....>
#....#...# #......
########## #$.....
#..?...


You could see an orc wizard and an orc.

Vanquished Creatures
  A vampire bat (D:3)
  6 adders (D:2)
  2 dart slugs
  2 worms
  A leopard gecko (D:1)
  14 bats
  3 giant cockroaches
  4 goblins
  4 hobgoblins
  4 quokkas
  A ball python (D:1)
  5 frilled lizards
  9 kobolds
  10 rats
66 creatures vanquished.

Notes
Turn   | Place    | Note
-------+----------+-------------------------------------------
     0 | D:1      | nicolaieve the Draconian Conjurer began the quest for the Orb.
     0 | D:1      | Reached XP level 1. HP: 14/14 MP: 3/3
   178 | D:1      | Reached XP level 2. HP: 10/20 MP: 0/5
   212 | D:1      | Learned a level 2 spell: Searing Ray
   798 | D:2      | Reached XP level 3. HP: 26/26 MP: 0/6
  1052 | D:2      | Found a basalt altar of Yredelemnul.
  1227 | D:2      | Reached XP level 4. HP: 33/33 MP: 2/8
  1233 | D:2      | Learned a level 3 spell: Dazzling Spray
  1288 | D:2      | Found a blossoming altar of Fedhas.
  1747 | D:2      | Noticed an oklob plant
  2113 | D:3      | Reached skill level 5 in Conjurations
  2113 | D:3      | Reached XP level 5. HP: 23/38 MP: 0/10
  2267 | D:3      | Found a stormy altar of Qazlal.
  2912 | D:4      | Killed from afar by an orc wizard

Skill      XL: |  1  2  3  4 |
---------------+-------------+-----
Stealth        | 2 |  2.8
Spellcasting   | 3 |  3.4
Conjurations   | 5 |  5.1
Dodging        | |  1.7

Action                   |  1- 3 |  4- 6 || total
-------------------------+-------+-------++-------
Melee: Unarmed           |    17 |       ||    17
       Club              |     4 |       ||     4
       Spear             |    16 |    23 ||    39
       Tailslap          |     2 |     1 ||     3
 Cast: Magic Dart        |    73 |    63 ||   136
       Searing Ray       |     1 |     2 ||     3
  Use: Scroll            |     3 |     3 ||     6
  Eat: Chunk             |     2 |     4 ||     6
Armor: Skin              |    17 |    37 ||    54
Dodge: Dodged            |    36 |    59 ||    95
